General information
- name: BNet
- type: Ladder team game (AT/RT)
- host: Battle.net
- saver: Day[9]
map: DragonFalls
- players: 8
- length: 59:41
- speed: Fast
- version: 1.26 W3XP
- replay type: Public
» download(348 KB)
Players
team 1 (winner)
MORG4N (
teal | 37 APM | 2237 actions | 59:41)
7 Blood Mage
3 Banish
3 Siphon Mana
1 Summon Phoenix
» actions
| Assign group hotkey | 58 | |
| Basic commands | 152 | |
| Build / train | 69 | |
| ESC pressed | 3 | |
| Enter build submenu | 18 | |
| Enter hero's abilities submenu | 7 | |
| Right click | 763 | |
| Select / deselect | 359 | |
| Select group hotkey | 732 | |
| Use ability | 75 | |
2237 total
» units
| Peasant | 10 | |
| Footman | 8 | |
| Mortar Team | 16 | |
| Rifleman | 7 | |
| Flying Machine | 4 | |
45 total
» upgrades
| Gunpowder | 2 | |
| Long Rifles | 1 | |
| Fragmentation Shards | 1 | |
| Flak Cannons | 1 | |
5 total
» buildings
| Altar of Kings | 1 | |
| Farm | 10 | |
| Barracks | 2 | |
| Blacksmith | 1 | |
| Keep | 1 | |
| Workshop | 2 | |
| Castle | 1 | |
18 total
» build order
00:02 Altar of Kings
00:03 Farm
00:49 Farm
01:22 Barracks
01:59 Barracks
02:19 Blacksmith
03:09 Farm
03:46 Keep
05:46 Farm
06:17 Workshop
06:19 Workshop
06:22 Farm
07:11 Farm
07:48 Farm
08:55 Farm
11:44 Castle
13:09 Farm
21:43 Farm
» items
| Lesser Clarity Potion | 6 | |
| Scroll of Speed | 1 | |
| Healing Salve | 1 | |
8 total

»
DON_WEST (
yellow | 89 APM | 5308 actions | 59:41)
3 Far Seer
1 Feral Spirit
2 Chain Lighting
» actions
| Assign group hotkey | 172 | |
| Basic commands | 365 | |
| Build / train | 205 | |
| ESC pressed | 16 | |
| Enter build submenu | 121 | |
| Enter hero's abilities submenu | 3 | |
| Give item / drop item | 1 | |
| Right click | 2249 | |
| Select / deselect | 1173 | |
| Select group hotkey | 698 | |
| Use ability | 303 | |
5308 total
» units
| Peon | 133 | |
| Grunt | 4 | |
| Troll Headhunter/Berserker | 3 | |
| Demolisher | 8 | |
| Troll Batrider | 5 | |
| Wind Rider | 3 | |
| Kodo Beast | 1 | |
| Goblin Zeppelin | 1 | |
| Goblin Shredder | 4 | |
162 total
» upgrades
| Ranged Weapons | 3 | |
| Armor | 3 | |
| Reinforced Defenses | 1 | |
| Melee Weapons | 1 | |
| Spiked Barricades | 1 | |
9 total
» buildings
| Orc Burrow | 8 | |
| Altar of Storms | 1 | |
| Barracks | 4 | |
| Voodoo Lounge | 1 | |
| War Mill | 23 | |
| Watch Tower | 107 | |
| Great Hall | 5 | |
| Stronghold | 3 | |
| Beastiary | 6 | |
| Fortress | 1 | |
159 total
» build order
00:36 Orc Burrow
00:49 Altar of Storms
01:05 Barracks
01:23 Orc Burrow
02:22 Voodoo Lounge
02:44 War Mill
04:16 Watch Tower
04:18 Watch Tower
04:46 Watch Tower
04:51 Great Hall
05:41 Watch Tower
05:47 Watch Tower
06:12 Watch Tower
06:21 Orc Burrow
06:41 Watch Tower
07:16 Watch Tower
07:31 Watch Tower
07:52 Watch Tower
07:53 Watch Tower
07:56 Watch Tower
08:02 Watch Tower
08:03 Watch Tower
08:08 Orc Burrow
08:09 Orc Burrow
08:41 Watch Tower
09:04 Stronghold
09:04 Stronghold
09:52 Watch Tower
09:52 Watch Tower
09:56 Watch Tower
09:56 Watch Tower
10:15 Watch Tower
10:54 Barracks
10:55 Barracks
11:16 Barracks
12:31 Great Hall
12:34 Watch Tower
12:35 Watch Tower
12:49 Orc Burrow
12:50 Orc Burrow
12:50 Orc Burrow
14:23 Beastiary
14:24 Beastiary
15:53 Stronghold
17:44 Watch Tower
17:44 Watch Tower
17:45 Watch Tower
17:45 Watch Tower
17:46 Watch Tower
17:47 Watch Tower
17:51 Great Hall
18:13 Watch Tower
18:14 Watch Tower
18:17 Fortress
20:08 Watch Tower
23:35 Watch Tower
24:56 Watch Tower
24:56 Watch Tower
25:59 Watch Tower
26:00 Watch Tower
26:52 Watch Tower
26:52 Watch Tower
28:12 Watch Tower
28:58 Watch Tower
29:23 Watch Tower
31:18 Watch Tower
31:18 Watch Tower
32:06 Watch Tower
32:07 Watch Tower
32:07 Watch Tower
32:08 Watch Tower
32:22 Watch Tower
32:24 Watch Tower
32:25 Watch Tower
32:27 Watch Tower
32:27 Watch Tower
33:18 Great Hall
33:20 Great Hall
33:30 Watch Tower
33:30 Watch Tower
34:16 Watch Tower
34:16 Watch Tower
34:17 Watch Tower
34:41 Watch Tower
34:42 Watch Tower
34:42 Watch Tower
34:43 Watch Tower
38:51 Watch Tower
38:52 Watch Tower
38:52 Watch Tower
39:00 Watch Tower
39:00 Watch Tower
39:01 Watch Tower
39:13 Watch Tower
39:13 Watch Tower
39:14 Watch Tower
39:15 Watch Tower
39:15 Watch Tower
39:39 Watch Tower
39:41 Watch Tower
39:41 Watch Tower
39:44 Watch Tower
39:46 Watch Tower
39:47 Watch Tower
39:48 Watch Tower
40:29 Watch Tower
40:30 Watch Tower
40:32 Watch Tower
40:33 Watch Tower
40:33 Watch Tower
40:34 Watch Tower
40:34 Watch Tower
40:35 Watch Tower
40:36 Watch Tower
40:37 Watch Tower
40:37 Watch Tower
40:40 Watch Tower
40:40 Watch Tower
40:40 Watch Tower
40:41 Watch Tower
40:42 Watch Tower
40:42 Watch Tower
40:43 Watch Tower
40:44 Watch Tower
40:44 Watch Tower
40:45 Watch Tower
40:46 Watch Tower
40:46 Watch Tower
40:47 Watch Tower
40:48 Watch Tower
40:48 Watch Tower
40:49 Watch Tower
40:49 Watch Tower
48:08 War Mill
48:09 War Mill
48:10 War Mill
48:11 War Mill
48:13 War Mill
48:14 War Mill
48:15 War Mill
48:16 War Mill
48:17 War Mill
48:17 War Mill
48:18 War Mill
48:20 War Mill
48:20 War Mill
48:22 War Mill
48:23 War Mill
48:25 War Mill
48:26 War Mill
50:59 War Mill
52:17 War Mill
52:18 War Mill
56:06 War Mill
56:08 War Mill
58:45 Beastiary
58:51 Beastiary
58:54 Beastiary
58:54 Beastiary
» items
| Healing Salve | 2 | |
| Lesser Clarity Potion | 2 | |
| Scroll of Town Portal | 11 | |
| Scroll of Healing | 2 | |
| Boots of Speed | 1 | |
| Staff of Teleportation | 1 | |
| Tiny Great Hall | 4 | |
| Orb of Lightning | 1 | |
24 total
DEE_JAYPAULYDEE (
blue | 81 APM | 4524 actions | 55:53)
7 Blademaster
3 Wind Walk
3 Critical Strike
1 Bladestorm
6 Shadow Hunter
2 Hex
3 Healing Wave
1 Big Bad Voodoo
5 Pit Lord
2 Howl of Terror
3 Cleaving Attack
» actions
| Assign group hotkey | 400 | |
| Basic commands | 147 | |
| Build / train | 87 | |
| Enter build submenu | 18 | |
| Enter hero's abilities submenu | 18 | |
| Give item / drop item | 21 | |
| Remove unit from queue | 2 | |
| Right click | 2205 | |
| Select / deselect | 740 | |
| Select group hotkey | 624 | |
| Use ability | 261 | |
4524 total
» units
| Peon | 9 | |
| Grunt | 3 | |
| Troll Batrider | 6 | |
| Raider | 1 | |
| Wind Rider | 7 | |
| Shaman | 2 | |
28 total
» upgrades
| Ensnare | 1 | |
| Ranged Weapons | 3 | |
| Armor | 2 | |
| Envenomed Spears | 1 | |
| Shaman Training | 2 | |
9 total
» buildings
| Altar of Storms | 1 | |
| Orc Burrow | 8 | |
| Barracks | 1 | |
| Voodoo Lounge | 1 | |
| Stronghold | 2 | |
| Beastiary | 2 | |
| War Mill | 1 | |
| Fortress | 2 | |
| Spirit Lodge | 1 | |
| Great Hall | 1 | |
20 total
» build order
00:09 Altar of Storms
00:14 Orc Burrow
00:51 Barracks
01:39 Voodoo Lounge
02:07 Orc Burrow
03:27 Stronghold
03:28 Stronghold
05:44 Orc Burrow
05:46 Orc Burrow
06:04 Beastiary
06:05 Beastiary
08:13 Orc Burrow
09:13 War Mill
13:02 Fortress
15:07 Orc Burrow
15:10 Orc Burrow
17:41 Spirit Lodge
19:41 Great Hall
29:13 Orc Burrow
» items
| Circlet of Nobility | 3 | |
| Boots of Speed | 1 | |
| Staff of Teleportation | 1 | |
| Healing Salve | 5 | |
| Lesser Clarity Potion | 4 | |
| Scroll of Speed | 1 | |
| Orb of Lightning | 2 | |
| Scroll of Town Portal | 1 | |
| Potion of Invisibility | 1 | |
| Dust of Appearance | 1 | |
| Scroll of Healing | 1 | |
21 total
TheArchitect (
purple | 33 APM | 1699 actions | 51:31)
6 Tauren Chieftain
3 Endurance Aura
2 War Stomp
1 Reincarnation
4 Shadow Hunter
2 Hex
2 Healing Wave
» actions
| Assign group hotkey | 37 | |
| Basic commands | 282 | |
| Build / train | 72 | |
| Enter build submenu | 26 | |
| Enter hero's abilities submenu | 11 | |
| Give item / drop item | 5 | |
| Right click | 525 | |
| Select / deselect | 559 | |
| Select group hotkey | 114 | |
| Use ability | 67 | |
1699 total
» units
| Peon | 18 | |
| Troll Headhunter/Berserker | 15 | |
| Demolisher | 6 | |
39 total
» upgrades
| Ranged Weapons | 3 | |
| Troll Regeneration | 1 | |
| Armor | 2 | |
| Berserker Upgrade | 1 | |
| Burning Oil | 1 | |
8 total
» buildings
| Orc Burrow | 6 | |
| Altar of Storms | 1 | |
| Barracks | 2 | |
| War Mill | 1 | |
| Voodoo Lounge | 1 | |
| Watch Tower | 2 | |
| Stronghold | 1 | |
| Great Hall | 4 | |
| Fortress | 1 | |
19 total
» build order
00:44 Orc Burrow
01:38 Altar of Storms
01:51 Barracks
01:57 War Mill
02:09 Orc Burrow
02:13 Barracks
02:20 Voodoo Lounge
03:10 Watch Tower
03:52 Watch Tower
04:54 Stronghold
05:08 Orc Burrow
06:26 Great Hall
07:17 Orc Burrow
07:37 Fortress
11:56 Orc Burrow
13:29 Orc Burrow
16:53 Great Hall
20:13 Great Hall
26:35 Great Hall
» items
| Healing Salve | 3 | |
| Orb of Lightning | 1 | |
| Scroll of Town Portal | 2 | |
| Potion of Healing | 3 | |
9 total
team 2 (loser)
ArjansHaze (
orange | 26 APM | 428 actions | 16:33)
1 Priestess of the Moon
1 Trueshot Aura
» actions
| Assign group hotkey | 17 | |
| Build / train | 34 | |
| Enter build submenu | 15 | |
| Enter hero's abilities submenu | 1 | |
| Right click | 176 | |
| Select / deselect | 145 | |
| Select group hotkey | 20 | |
| Use ability | 20 | |
428 total
» units
| Wisp | 9 | |
| Archer | 6 | |
| Hippogryph | 4 | |
| Chimaera | 7 | |
26 total
» upgrades
| Strength of the Wild | 2 | |
| Reinforced Hides | 1 | |
3 total
» buildings
| Altar of Elders | 1 | |
| Ancient of War | 1 | |
| Moon Well | 7 | |
| Tree of Ages | 1 | |
| Tree of Eternity | 1 | |
| Ancient of Wind | 1 | |
| Hunter's Hall | 1 | |
| Chimaera Roost | 3 | |
16 total
» build order
00:17 Altar of Elders
00:23 Ancient of War
00:42 Moon Well
01:40 Moon Well
02:35 Tree of Ages
02:47 Moon Well
03:51 Moon Well
05:37 Moon Well
06:14 Tree of Eternity
06:20 Ancient of Wind
07:10 Moon Well
07:23 Hunter's Hall
08:20 Moon Well
09:05 Chimaera Roost
09:09 Chimaera Roost
09:13 Chimaera Roost
» items
Day[9] (
green | 57 APM | 3398 actions | 59:41)
5 Dark Ranger
3 Black Arrow
2 Silence
3 Goblin Alchemist
2 Acid Bomb
1 Chemical Rage
1 Crypt Lord
1 Impale
4 Warden
3 Shadow Strike
1 Blink
1 Priestess of the Moon
1 Trueshot Aura
» actions
| Assign group hotkey | 170 | |
| Basic commands | 68 | |
| Build / train | 127 | |
| ESC pressed | 4 | |
| Enter build submenu | 56 | |
| Enter hero's abilities submenu | 15 | |
| Give item / drop item | 7 | |
| Right click | 1263 | |
| Select / deselect | 965 | |
| Select group hotkey | 580 | |
| Use ability | 140 | |
3398 total
» units
| Acolyte | 7 | |
| Ghoul | 4 | |
| Gargoyle | 13 | |
| Chimaera | 11 | |
| Hippogryph | 11 | |
| Wisp | 28 | |
74 total
» upgrades
| Creature Attack | 3 | |
| Creature Carapace | 2 | |
| Stone Form | 1 | |
| Corrosive Breath | 1 | |
| Strength of the Wild | 1 | |
| Well Spring | 1 | |
| Reinforced Hides | 2 | |
| Ultravision | 1 | |
| Nature's Blessing | 1 | |
13 total
» buildings
| Crypt | 2 | |
| Graveyard | 1 | |
| Altar of Darkness | 1 | |
| Ziggurat | 10 | |
| Tomb of Relics | 2 | |
| Nerubian Tower | 3 | |
| Halls of the Dead | 2 | |
| Spirit Tower | 3 | |
| Sacrificial Pit | 2 | |
| Black Citadel | 2 | |
| Necropolis | 1 | |
| Tree of Life | 9 | |
| Altar of Elders | 1 | |
| Moon Well | 5 | |
| Tree of Ages | 2 | |
| Ancient of Wind | 2 | |
| Tree of Eternity | 1 | |
| Hunter's Hall | 1 | |
| Chimaera Roost | 2 | |
| Ancient of Wonders | 1 | |
| Ancient Protector | 1 | |
54 total
» build order
00:24 Crypt
00:32 Graveyard
01:24 Altar of Darkness
01:27 Ziggurat
01:28 Ziggurat
02:01 Tomb of Relics
02:09 Tomb of Relics
02:21 Ziggurat
02:42 Nerubian Tower
03:30 Nerubian Tower
03:34 Crypt
03:52 Halls of the Dead
04:19 Ziggurat
04:21 Ziggurat
05:18 Spirit Tower
05:32 Spirit Tower
06:32 Sacrificial Pit
06:36 Sacrificial Pit
08:19 Black Citadel
11:36 Necropolis
13:10 Ziggurat
13:45 Halls of the Dead
14:39 Ziggurat
14:41 Ziggurat
14:42 Ziggurat
15:43 Nerubian Tower
15:44 Spirit Tower
20:16 Black Citadel
23:10 Ziggurat
24:18 Tree of Life
28:40 Altar of Elders
28:43 Moon Well
28:44 Tree of Ages
29:52 Moon Well
30:43 Tree of Life
30:46 Tree of Life
30:49 Tree of Life
33:16 Tree of Life
41:25 Moon Well
41:44 Tree of Ages
43:33 Moon Well
44:19 Ancient of Wind
44:22 Tree of Eternity
44:44 Moon Well
44:50 Hunter's Hall
44:57 Tree of Life
47:10 Chimaera Roost
47:14 Chimaera Roost
47:42 Ancient of Wonders
49:44 Tree of Life
50:10 Ancient of Wind
50:47 Tree of Life
50:49 Tree of Life
54:05 Ancient Protector
» items
| Rod of Necromancy | 1 | |
| Dust of Appearance | 1 | |
| Boots of Speed | 1 | |
| Scroll of Town Portal | 1 | |
| Potion of Healing | 4 | |
8 total

»
theCONSEQUENCES (
red | 41 APM | 2117 actions | 51:44)
4 Archmage
2 Blizzard
2 Brilliance Aura
1 Priestess of the Moon
1 Searing Arrows
» actions
| Assign group hotkey | 107 | |
| Basic commands | 51 | |
| Build / train | 73 | |
| Enter build submenu | 30 | |
| Enter hero's abilities submenu | 6 | |
| Remove unit from queue | 2 | |
| Right click | 1214 | |
| Select / deselect | 363 | |
| Select group hotkey | 185 | |
| Use ability | 80 | |
2117 total
» units
| Peasant | 12 | |
| Footman | 2 | |
| Dragonhawk Rider | 9 | |
| Gryphon Rider | 1 | |
| Wisp | 12 | |
36 total
» upgrades
| Masonry | 1 | |
| Cloud | 1 | |
| Lumber Harvesting | 1 | |
| Swords | 2 | |
| Armor | 2 | |
| Storm Hammers | 1 | |
8 total
» buildings
| Altar of Kings | 1 | |
| Farm | 7 | |
| Barracks | 1 | |
| Lumber Mill | 1 | |
| Scout Tower | 1 | |
| Arcane Tower | 3 | |
| Keep | 1 | |
| Arcane Vault | 1 | |
| Castle | 1 | |
| Gryphon Aviary | 4 | |
| Guard Tower | 1 | |
| Blacksmith | 1 | |
| Tree of Life | 2 | |
| Altar of Elders | 1 | |
| Hunter's Hall | 1 | |
| Ancient Protector | 2 | |
| Tree of Ages | 1 | |
30 total
» build order
00:23 Altar of Kings
00:39 Farm
00:53 Barracks
01:32 Lumber Mill
01:54 Farm
02:10 Scout Tower
03:43 Arcane Tower
03:43 Arcane Tower
04:38 Keep
05:49 Farm
05:52 Farm
05:56 Farm
05:59 Farm
06:03 Farm
06:46 Arcane Vault
07:26 Castle
07:31 Gryphon Aviary
07:37 Gryphon Aviary
08:18 Gryphon Aviary
08:23 Gryphon Aviary
08:39 Arcane Tower
09:18 Guard Tower
13:03 Blacksmith
30:46 Tree of Life
31:12 Tree of Life
33:48 Altar of Elders
37:58 Hunter's Hall
39:05 Ancient Protector
39:07 Ancient Protector
43:30 Tree of Ages
» items
| Scroll of Regeneration | 3 | |
| Lesser Clarity Potion | 2 | |
| Potion of Healing | 4 | |
| Ivory Tower | 2 | |
| Scroll of Town Portal | 2 | |
| Orb of Fire | 1 | |
14 total
OBAMA-SUX-BALLS (
pink | 35 APM | 326 actions | 09:12)
» actions
| Basic commands | 42 | |
| Build / train | 53 | |
| ESC pressed | 6 | |
| Enter build submenu | 31 | |
| Select / deselect | 129 | |
| Use ability | 65 | |
326 total
» units
» upgrades
» buildings
| Farm | 3 | |
| Lumber Mill | 1 | |
| Scout Tower | 24 | |
| Guard Tower | 16 | |
| Arcane Tower | 3 | |
| Arcane Vault | 1 | |
48 total
» build order
00:31 Farm
01:05 Lumber Mill
01:08 Scout Tower
01:12 Scout Tower
01:22 Farm
01:41 Guard Tower
01:42 Guard Tower
02:00 Scout Tower
02:05 Farm
02:27 Guard Tower
02:30 Scout Tower
02:33 Scout Tower
02:44 Scout Tower
02:49 Scout Tower
02:58 Arcane Tower
03:01 Scout Tower
03:06 Guard Tower
03:13 Scout Tower
03:17 Guard Tower
03:26 Guard Tower
03:28 Scout Tower
03:32 Guard Tower
03:38 Scout Tower
03:41 Arcane Vault
03:45 Scout Tower
03:57 Arcane Tower
03:58 Scout Tower
04:14 Arcane Tower
04:16 Scout Tower
04:20 Scout Tower
04:34 Scout Tower
04:46 Scout Tower
04:51 Guard Tower
04:52 Guard Tower
04:55 Guard Tower
05:02 Scout Tower
05:06 Scout Tower
05:13 Scout Tower
05:29 Guard Tower
05:42 Guard Tower
05:42 Guard Tower
05:51 Scout Tower
06:09 Scout Tower
06:15 Scout Tower
06:27 Guard Tower
06:30 Scout Tower
06:42 Guard Tower
08:19 Guard Tower
Chat log
(00:05 / Allies) Day[9]: oh boy
(00:08 / All) theCONSEQUENCES: U DUN GOOFED
(00:10 / All) DON_WEST: LOOK AT WHAT WE HAVE HERE IN THIS DEAL
(00:15 / Allies) Day[9]: which are you? lol
(00:16 / All) DON_WEST: WE HAVE THE 1989 BARACK OBAMA ROOKIE CARD IN THE GEM MINT 10
(00:16 / Allies) Day[9]: teelo?
(00:19 / Allies) theCONSEQUENCES: teelo
(00:20 / Allies) Day[9]: k
(00:22 / All) DON_WEST: WE HAVE THE 1984 RONALD REAGAN ROOKIE CARD IN THE GEM MINT 10
(00:28 / Allies) theCONSEQUENCES: which are you
(00:30 / Allies) Day[9]: pies
(00:30 / All) DON_WEST: WE HAVE A 1885 GEORGE WASHINGTON INSERT CARD
(00:32 / All) DON_WEST: IN THE GEM MINT TEN
(00:36 / Allies) theCONSEQUENCES: oh boy
(00:43 / All) DON_WEST: AND HOW MUCH WOULD YOU THINK TO PAY FOR THIS?
(00:45 / Allies) theCONSEQUENCES: we're up against the two pros lol
(00:45 / All) Day[9]: HELLO LADIES AND GENTLEMEN
(00:47 / All) DON_WEST: 10,000 DOLLARS?
(00:50 / All) Day[9]: It's Funday Monday!!!!
(00:53 / All) DON_WEST: 20,000 DOLLARS?
(01:01 / All) DON_WEST: BUT TONIGHT
(01:03 / All) DON_WEST: WERE DOING THIS
(01:05 / All) DEE_JAYPAULYDEE: hi
(01:07 / All) DON_WEST: FOR TWO PAYMENTS
(01:08 / All) TheArchitect: squelched
(01:10 / All) DON_WEST: OF 34,770 DOLLARS.
(01:14 / All) Day[9]: Today's funday monday: You must play Warcraft III
(01:34 / All) DON_WEST: LET'S REPEAT THAT AGAIN
(01:40 / All) DON_WEST: THE 1989 BARACK OBAMA ROOKIE CARD IN THE GEM MINT TEN
(01:47 / All) DON_WEST: THE 1984 RONALD REAGAN ROOKIE CARD IN THE GEM MINT TEN
(01:53 / All) DON_WEST: THE 1885 GEORGE WASHINGTON INSERT CARD IN THE GEM MINT TEN
(01:57 / All) DEE_JAYPAULYDEE: I COME FROM THE DARKNESS OF THE PIT
(02:06 / All) theCONSEQUENCES: IVE NO IDEA WHAT YOURE RAMBLING ABOUT
(02:12 / All) OBAMA-SUX-BALLS: I suck Balls
(02:15 / All) DEE_JAYPAULYDEE: WHAT A FOOLISH PLOY
(02:19 / All) OBAMA-SUX-BALLS: Im Barack Obama and I approve this message
(02:29 / All) DON_WEST: AND WE'VE GOT THIS LOT FOR THE LOW PRICE
(02:30 / All) DON_WEST: OF TWO PAYMENTS
(02:31 / All) DEE_JAYPAULYDEE: HEY DAY 9
(02:33 / All) DON_WEST: OF 34,770 DOLLARS
(02:35 / All) DEE_JAYPAULYDEE: GET THE FUCK AWAY
(02:40 / All) theCONSEQUENCES: U DUN GOOFED
(02:46 / All) theCONSEQUENCES: THE CONSEQUENCES WILL NEVER BE THE SAME
(02:48 / Allies) Day[9]: oh boy is this gonna be a late hero or what
(02:51 / All) DON_WEST: OH MY
(03:02 / All) DON_WEST: ARE YOU FOR REAL
(03:06 / All) DEE_JAYPAULYDEE: 6 POOL THIS NERD
(03:14 / All) OBAMA-SUX-BALLS: ??
(03:36 / Allies) theCONSEQUENCES: SHOP
(03:48 / Allies) Day[9]: im gonna annoy purp
(04:00 / Allies) Day[9]: and die trying apparently
(04:28 / Allies) Day[9]: my base setup is so awkward lol
(04:42 / All) TheArchitect: look at yellow and teal creeping
(04:46 / All) TheArchitect: nice
(05:55 / Allies) Day[9]: gonna see if i can bug blue
(06:12 / Allies) theCONSEQUENCES: gonna tech straight to hawks
(06:43 / Allies) Day[9]: anyone got xtra gold
(06:45 / Allies) Day[9]: ?
(06:52 / Allies) Day[9]: ty
(07:03 / All) DON_WEST: ANY OF YOU WANT TO WATCH ME PLAY PURPLE AFTER
(07:04 / All) DON_WEST: I DO
(07:15 / All) Day[9]: i wanna obs
(07:35 / Allies) OBAMA-SUX-BALLS: shit
(07:36 / Allies) OBAMA-SUX-BALLS: my base
(07:40 / All) DON_WEST: PURPLE WANTS GOLD FOR MCDONALDS
(07:43 / All) DON_WEST: I DENY HIM THAT RIGHT
(08:40 / Allies) Day[9]: well i think i did some good
(09:20 / All) DON_WEST: BTW SOMEONE ASK PURPLE IF HE WANTS TO 1V1 ME
(09:23 / All) DON_WEST: I THINK HE SQUELCHED ME
(09:34 / Allies) theCONSEQUENCES: demo
(11:03 / All) DON_WEST: SOMEONE TELL PURPLE TO GIVE ME GOLD
(11:04 / All) DON_WEST: HE HAS TOO MUCH
(11:26 / All) Day[9]: I JUST TRANSITIONED
(11:30 / All) Day[9]: INTO LOSING MY WHOLE FUCKING BASE
(11:36 / All) DON_WEST: ROFL
(11:49 / Allies) Day[9]: ORANGE
(11:51 / Allies) Day[9]: CANY OU MAK EA SHOP
(11:55 / Allies) Day[9]: PELASE
(12:01 / All) TheArchitect: stfu and leave
(12:05 / All) DON_WEST: SERIOUSLY
(12:07 / All) DON_WEST: SOMEONE TELL HIM
(12:08 / All) DON_WEST: I WANT TO 1V1 HIM
(12:11 / All) DEE_JAYPAULYDEE: GOLD
(12:13 / All) DEE_JAYPAULYDEE: PLEASE
(12:14 / All) Day[9]: purp ghetto wants to 1v1 you
(12:19 / All) Day[9]: err
(12:20 / All) Day[9]: yellow
(12:21 / All) DON_WEST: I JUST GAVE HIM EIGHT GOLD
(12:40 / All) DON_WEST: BY THE WAY IM GONNA STAB THIS FUCKING CLOWN
(12:53 / All) DON_WEST: YOU HEAR THAT PURPLE?
(13:00 / All) DON_WEST: GIVING YOU A CHANCE TO STOP IT
(13:18 / Allies) Day[9]: purps moving back to kill me
(13:22 / Allies) Day[9]: i gotta save my ass
(13:24 / Allies) Day[9]: or try to
(13:29 / All) Day[9]: Purprs tryina kill me i think
(13:30 / Allies) theCONSEQUENCES: omw
(13:37 / All) DON_WEST: YEAH ILL TAKE CARE OF HIM IN A SEC
(13:39 / All) Day[9]: he hates me for some reason
(13:39 / All) DEE_JAYPAULYDEE: KOBE MASK
(14:21 / All) Day[9]: ty
(14:45 / Allies) theCONSEQUENCES: ima go kill those morts
(15:35 / All) DON_WEST: WHY DOES PURPLE PLAY LIKE AN AI
(16:08 / All) DEE_JAYPAULYDEE: HERE IS HE
(16:20 / All) DON_WEST: I REGRET THAT I HAVE BUT ONE STAB TO GIVE FOR PURPLE
(16:31 / Allies) Day[9]: here goes purp again
(17:08 / All) DON_WEST: *WHISTLES INNOCENTLY*
(17:20 / All) Day[9]: well at least i can make gargs again
(17:34 / All) DON_WEST: DON'T PRETEND YOU DIDN'T DESERVE THAT
(17:35 / All) DON_WEST: YOU ASSCLOWN
(18:08 / All) DON_WEST: ENEMY BASE DESTROYED
(18:13 / All) DEE_JAYPAULYDEE: ENEMY DOWN
(18:31 / All) DON_WEST: HE GON BE PISSED
(18:35 / All) DON_WEST: WHEN I KILL HIS HALL AGAIN HERE IN A SECOND
(18:54 / All) Day[9]: fuck
(19:40 / All) DON_WEST: THIS IS A ONE GAME SUSPENSION PURPLE
(20:16 / All) DON_WEST: HEY
(20:18 / All) DON_WEST: I MAY HAVE NO LIFE
(20:20 / All) DON_WEST: BUT YOU HAVE NO GOLD
(20:22 / All) DON_WEST: SO WHO'S MORE FUCKED
(20:34 / Allies) theCONSEQUENCES: ?
(21:15 / Allies) Day[9]: k
(21:30 / All) Day[9]: holy shit
(21:33 / All) Day[9]: oj had 5k gold
(21:34 / All) Day[9]: wtf
(22:00 / Allies) Day[9]: im gonn make somethings for oj
(22:15 / All) DON_WEST: no cloak does not work against allies
(22:21 / All) Day[9]: LAWL
(22:39 / All) DON_WEST: someone explain to him
(22:40 / All) DON_WEST: that the four of us
(22:44 / All) DON_WEST: all searched at the same time
(23:08 / All) theCONSEQUENCES: im gonna need the replay to see what hes been saying :P
(23:14 / All) DON_WEST: alright
(23:19 / All) Day[9]: i'll save it to so we have my end
(23:31 / All) theCONSEQUENCES: eh our allies never said a word
(23:46 / All) DON_WEST: not yet purple we didnt lose
(23:51 / All) DON_WEST: if we kill that expo in the bottom right-hand corner
(23:53 / All) DON_WEST: we still have a chance
(24:02 / All) DON_WEST: gogogogogogo
(24:06 / All) Day[9]: fyuck
(24:30 / Allies) Day[9]: anyone
(24:34 / Allies) Day[9]: red do you ahve gold?
(24:45 / Allies) Day[9]: ty
(25:16 / All) DON_WEST: no berserker doesn't give you a speed bonus
(25:19 / All) DON_WEST: and only makes my wyvs hit harder
(25:28 / All) theCONSEQUENCES: LOL
(25:29 / All) Day[9]: i think we lost
(25:34 / All) Day[9]: i have no money
(25:40 / All) DON_WEST: yeah game is up
(25:45 / All) DON_WEST: we're forcing purple to leave first
(25:56 / All) DEE_JAYPAULYDEE: TIME TO FORFEIT THE WIN
(25:56 / All) Day[9]: you and who
(25:57 / All) theCONSEQUENCES: then stop killing us? lol
(26:18 / All) DON_WEST: i dont want purple getting the win
(26:19 / All) DON_WEST: but teal seams okay
(26:25 / All) Day[9]: IF MY NON-FORUM ALLIES WEREN'T SUCH TOTAL BRONZE LEAGUE TRASH
(26:28 / All) DON_WEST: and morgan could be a girl's name
(26:37 / All) Day[9]: THEN WE COUDLA MAYBE WON
(26:40 / All) Day[9]: lol
(26:40 / All) DON_WEST: dont make us take that bet up teakl
(26:41 / All) MORG4N: I will afk all night
(26:47 / All) MORG4N: Purple must have a breaking point.
(26:48 / All) DON_WEST: do NOT challenge us on this
(26:48 / All) theCONSEQUENCES: HAY IM AT THE TOP OF MY BRONZE LEAGE THANKS
(27:36 / All) Day[9]: i don't know why i got a crypt lord this late
(27:38 / All) Day[9]: He gets one shotted
(27:47 / All) DON_WEST: yo guys im gonna pull the biggest bitch move ever
(28:09 / All) theCONSEQUENCES: whats that, ghetto?
(28:19 / All) DON_WEST: taking his expos
(28:25 / All) DON_WEST: i.e. salting the earth so his shitty micro may never grow again
(28:44 / All) DON_WEST: NO PURPLE
(28:45 / All) DON_WEST: YOU
(28:46 / All) DON_WEST: CANNOT
(28:46 / All) DON_WEST: CLOAK
(28:47 / All) DON_WEST: TO
(28:48 / All) DON_WEST: EVADE
(28:49 / All) DON_WEST: DEATH
(28:49 / All) DON_WEST: YOU
(28:50 / All) DON_WEST: STUPID
(28:51 / All) DON_WEST: FUCK
(28:55 / All) theCONSEQUENCES: if you want to stop purp getting the win, then you might want to stop killing us, lol
(29:10 / All) DON_WEST: teal, you mind if i kill you?
(29:24 / Allies) Day[9]: who the hell
(29:29 / Allies) Day[9]: just leaves an invuln potion
(29:29 / All) MORG4N: Not rly, it would make my cock hard.
(29:32 / Allies) Day[9]: just sittin there
(29:34 / Allies) theCONSEQUENCES: lol yeah
(29:35 / All) DON_WEST: but i want it all, baby
(29:42 / All) DON_WEST: ehhhh
(29:45 / All) DON_WEST: conscience
(29:46 / All) DON_WEST: kicking
(29:47 / All) DON_WEST: in
(29:49 / All) DON_WEST: GAH
(29:58 / All) DON_WEST: come on teal
(30:01 / All) DON_WEST: you winning
(30:04 / All) DON_WEST: is far less important
(30:05 / All) DON_WEST: than purple losing
(30:23 / All) theCONSEQUENCES: here he comes
(30:26 / All) DON_WEST: repair
(30:27 / All) DON_WEST: fast
(30:43 / All) DON_WEST: keep a building alive
(31:28 / All) DON_WEST: im so sorry we have to do this teal
(31:31 / All) Day[9]: Leave you lost
(31:31 / All) DON_WEST: only until purple leaves
(31:33 / All) theCONSEQUENCES: lol yay for oranges stupid amount of gold
(31:33 / All) DON_WEST: then you get the win
(31:54 / All) DON_WEST: we're not denying you the win
(31:56 / All) Day[9]: buncha tomes just lying around
(31:56 / All) DON_WEST: we're denying purple the win
(32:04 / All) MORG4N: he isnt going to leave...
(32:10 / All) DON_WEST: he has school tomorrow
(32:14 / All) DON_WEST: mom wont let him leave the game on
(32:25 / All) theCONSEQUENCES: brb looking for a disc hack
(32:36 / All) DON_WEST: im really sorry this has to be done
(32:53 / All) DON_WEST: worst comes to worst
(32:55 / All) DON_WEST: you're getting a tie
(33:21 / All) MORG4N: im out of gold lol
(33:25 / All) MORG4N: don't bother with me..
(33:25 / All) DON_WEST: insurance
(33:32 / All) DON_WEST: sorry libya
(33:36 / All) DON_WEST: we can't trust you anymore
(33:38 / All) DON_WEST: we saw what you did
(34:12 / All) DON_WEST: just hide in a far away place
(34:12 / Allies) Day[9]: lawl
(34:17 / All) MORG4N: purple, i plan to tk you in any game I see you in. fyi
(34:21 / All) DON_WEST: rofl
(34:24 / All) Day[9]: hahaha
(34:30 / All) DON_WEST: look, i mean
(34:33 / All) DON_WEST: i have nothing against you
(34:34 / All) DON_WEST: im stressing that
(34:39 / All) DON_WEST: but purple is a fucking asshole
(34:53 / Allies) theCONSEQUENCES: lol
(34:54 / Allies) Day[9]: oh no
(34:55 / Allies) Day[9]: a shaman
(34:56 / Allies) theCONSEQUENCES: only lv2
(35:01 / Allies) Day[9]: lol
(35:07 / All) DON_WEST: seriously though
(35:09 / All) DON_WEST: this game is how old?
(35:13 / Allies) Day[9]: make the potm
(35:13 / All) DON_WEST: time to give up the fancy record gig
(35:15 / Allies) Day[9]: pick up those items
(35:26 / All) MORG4N: Lol
(35:34 / All) MORG4N: go to the site, I don't care for stats.
(35:40 / All) DON_WEST: eh
(35:45 / All) DON_WEST: seriously though, nothing personal at all
(35:53 / All) MORG4N: i got that
(35:58 / All) DON_WEST: kk
(35:59 / All) DON_WEST: <3
(36:16 / All) MORG4N: fucking ally chat.
(36:22 / All) DON_WEST: :\
(36:25 / All) DON_WEST: yeah
(36:26 / All) DON_WEST: this was fun
(36:29 / All) MORG4N: LOL
(36:31 / All) theCONSEQUENCES: I DONT WANT TO TALK TO MY ALLIES EITHER
(36:31 / All) DEE_JAYPAULYDEE: I COME FROM THE DARKNESS OF THE PIT
(36:42 / All) DEE_JAYPAULYDEE: TREMBLE BEFORE ME
(36:46 / All) DON_WEST: need to tower the other tavern
(36:49 / All) DEE_JAYPAULYDEE: WHAT TRICKERY IS THIS
(36:49 / All) DON_WEST: so he can't get his TC back
(36:55 / All) DEE_JAYPAULYDEE: WHAT IS YOUR FEEBLE REQUEST
(36:57 / All) DON_WEST: actually here
(37:01 / All) DON_WEST: i just gave purple 700 gold
(37:04 / All) DON_WEST: if he can find a way to win the game
(37:05 / Allies) theCONSEQUENCES: top right or bot left tav?
(37:05 / All) DON_WEST: after we AFK
(37:07 / All) DON_WEST: he can have it
(37:10 / All) Day[9]: can i have this mine
(37:19 / All) DON_WEST: ok
(37:20 / All) Day[9]: or do you need it
(37:26 / All) Day[9]: thanks
(37:27 / All) DON_WEST: i need lumber
(37:31 / All) theCONSEQUENCES: ok i will tower up the top right tav
(37:33 / All) Day[9]: thats fine
(37:35 / All) DEE_JAYPAULYDEE: GET YOUR HEROES READY
(37:41 / All) DEE_JAYPAULYDEE: ITS BATTLE ARENA TIME
(37:47 / All) DON_WEST: lol
(37:49 / All) Day[9]: yeah gotta watch for the grumpy tree
(38:00 / Allies) Day[9]: lol
(38:05 / Allies) Day[9]: o hshi
(38:07 / All) theCONSEQUENCES: PISS OFF BLUE
(38:13 / All) DEE_JAYPAULYDEE: DIE IN A FIRE
(38:16 / All) DON_WEST: how are you going to tower the other altar
(38:27 / All) DEE_JAYPAULYDEE: CURSES
(38:38 / All) DEE_JAYPAULYDEE: YOU GOT AWAY THIS TIME
(38:49 / All) DON_WEST: i got plenty of resources to tower this
(39:05 / All) DON_WEST: btw the tavern music
(39:07 / All) DON_WEST: is the simpsons theme
(39:09 / All) DON_WEST: im sure of it
(39:15 / All) theCONSEQUENCES: tavern music?
(39:16 / All) Day[9]: well
(39:17 / All) Day[9]: duh
(39:20 / All) DON_WEST: tavern sound
(39:22 / All) DON_WEST: listen to it
(39:26 / All) Day[9]: this was very apparent to me when I got this game lol
(39:31 / All) DON_WEST: you're bad day9
(39:32 / All) DON_WEST: shut up]
(39:36 / All) DEE_JAYPAULYDEE: PART OF THE CREW
(39:40 / All) DEE_JAYPAULYDEE: PART OF THE SHIP
(39:40 / All) Day[9]: IM A PROFESSIONAL STARCRAFT COMMENTATOR
(39:44 / All) Day[9]: AGGGGGGGGGGGHGUGHAOUGHAOEGHSWOGSJI
(39:49 / All) DEE_JAYPAULYDEE: PART OF THE SHIP
(39:52 / All) DEE_JAYPAULYDEE: PART OF THE CREW
(40:01 / All) DEE_JAYPAULYDEE: THE DUTCHMAN MUST HAVE A CAPTAIN
(40:10 / All) DON_WEST: lumber me plz
(40:15 / All) theCONSEQUENCES: tavern isnt making a sound when i click it
(40:21 / All) DON_WEST: weord
(40:24 / All) DON_WEST: weird*
(40:25 / All) DON_WEST: thanks, guys
(40:49 / All) theCONSEQUENCES: ok shall we alt tab now and go play some SC1?
(40:52 / All) DON_WEST: rofl
(40:56 / All) DON_WEST: im done for the night after this
(40:58 / All) DEE_JAYPAULYDEE: TO THE SLAUGHTER
(41:06 / All) DON_WEST: had a lot of fun with you guys
(41:11 / Allies) theCONSEQUENCES: rofl
(41:12 / All) DEE_JAYPAULYDEE: WHOOPS
(41:16 / All) MORG4N: same, too bad I hate purple..
(41:18 / All) Day[9]: NO FAIR
(41:24 / All) DEE_JAYPAULYDEE: IMBA
(41:26 / All) DON_WEST: so let's see
(41:28 / All) DON_WEST: he has a burrow
(41:29 / All) DON_WEST: and an altar
(41:39 / All) DON_WEST: i gave him all my resources
(41:40 / All) DEE_JAYPAULYDEE: HE HAS THE BARE REQUIREMENTS
(41:41 / All) DON_WEST: if he wants to win the game
(41:42 / All) DON_WEST: with a TC"
(41:44 / All) DEE_JAYPAULYDEE: TO WIN THIS GAME
(41:45 / All) DON_WEST: he can fucking do it
(41:55 / All) DON_WEST: so which of you guys are staying
(42:02 / All) theCONSEQUENCES: ill stay
(42:09 / All) theCONSEQUENCES: unless my crappy third world country internet drops out
(42:09 / All) Day[9]: yeah
(42:10 / All) Day[9]: sure
(42:22 / All) DON_WEST: so yeah
(42:24 / All) Day[9]: dunno what blue and teal are doin
(42:27 / All) Day[9]: they're prob gonna win
(42:30 / All) DON_WEST: one of you two HAS to stay
(42:32 / All) DON_WEST: and blue
(42:33 / All) DON_WEST: if you leave
(42:35 / All) DON_WEST: kill all your shit
(42:37 / All) DON_WEST: before you do so
(42:37 / All) DEE_JAYPAULYDEE: OBVIOSULY
(42:42 / All) DON_WEST: IM JUST DOUBLE-CHECKING
(42:43 / All) DON_WEST: GAWD
(42:43 / All) DEE_JAYPAULYDEE: I AM A PIONEER
(42:48 / All) DEE_JAYPAULYDEE: IN SETTING UP MEXICAN STANDOFFS
(43:58 / All) DON_WEST: brb
(44:03 / All) Day[9]: K
(44:13 / All) DEE_JAYPAULYDEE: 1V1 DUELZ
(44:24 / All) DEE_JAYPAULYDEE: BELOW GOBLIN SHOP
(44:28 / All) theCONSEQUENCES: O NOEZ PKPKPKPKPKPKPKPKPKK
(45:00 / All) theCONSEQUENCES: make sure you save replay
(45:05 / All) Day[9]: ya
(45:12 / All) theCONSEQUENCES: alt tabbing now, bbl
(45:21 / All) theCONSEQUENCES: whisper teelo@useast if you need me
(45:31 / All) theCONSEQUENCES: ill leave my bot up
(45:56 / All) DEE_JAYPAULYDEE: HERE WE GO
(45:59 / All) DEE_JAYPAULYDEE: PREPARE YOURSELF
(46:04 / All) Day[9]: fuuuu
(46:14 / All) Day[9]: i just wanted to creep
(46:22 / All) DEE_JAYPAULYDEE: OUR HERO HAS BEEN SLAIN
(46:33 / All) DEE_JAYPAULYDEE: ACTUALLY
(46:36 / All) Day[9]: for elves its our champion has fallen
(46:42 / All) DEE_JAYPAULYDEE: BRING HER BACK
(46:49 / All) DEE_JAYPAULYDEE: YOU COULD USE THE EXP
(47:00 / All) Day[9]: i wanna get her something better than a useless fucking mantle
(47:07 / All) DEE_JAYPAULYDEE: I HAVE MUCH SHIT
(47:37 / All) DON_WEST: okay i just had a genius idea
(47:41 / All) DON_WEST: gonna kill all my attack units
(47:44 / All) DON_WEST: and replace them with workers
(47:47 / All) DON_WEST: so if i drop
(47:52 / All) DON_WEST: he has to go through the chore
(47:56 / All) DON_WEST: of killing his workers
(47:58 / All) DON_WEST: them*
(48:11 / Allies) Day[9]: ty
(48:46 / All) DEE_JAYPAULYDEE: KILL HIM
(49:09 / All) DON_WEST: gold me if you got it
(49:18 / All) DON_WEST: i need about 1800
(49:22 / All) DON_WEST: awesome
(49:23 / All) DON_WEST: love you
(49:24 / All) DON_WEST: perfect
(49:33 / All) Day[9]: whatts teal been doin all this time
(49:42 / All) DON_WEST: i think he went afk
(49:45 / All) MORG4N: watching
(49:59 / All) DON_WEST: hmmm dammit
(50:03 / All) DON_WEST: shit
(50:10 / All) Day[9]: ?
(50:29 / All) MORG4N: u should Kill all workers
(50:31 / All) MORG4N: until there is 1
(50:34 / All) MORG4N: so it takes forever
(50:39 / All) DON_WEST: nah this is saw shit
(50:43 / All) DON_WEST: im gonna leave my buildings standing
(50:48 / All) DON_WEST: but max out my food
(50:51 / All) DON_WEST: with peasants he can't kill
(51:07 / All) Day[9]: holy shit
(51:12 / All) theCONSEQUENCES: theres another way to give him the loss
(51:20 / All) DON_WEST: well
(51:23 / All) DON_WEST: we want teal to get a win
(51:27 / All) theCONSEQUENCES: true
(51:27 / All) Day[9]: Lotta friggen towers
(51:29 / All) DON_WEST: we dont want purple to get the win
(51:30 / All) Day[9]: we do?
(51:33 / All) MORG4N: how is the other way
(51:34 / All) DON_WEST: okay
(51:35 / All) DON_WEST: there we go
(51:35 / All) MORG4N: LOL
(51:37 / All) theCONSEQUENCES: gg
(51:40 / All) DON_WEST: ggs
(51:40 / All) MORG4N: gg
(51:41 / All) DON_WEST: <3
(51:42 / All) DEE_JAYPAULYDEE: GG
(51:46 / All) MORG4N: rep saved
(51:47 / All) DON_WEST: fun game
(51:49 / All) DON_WEST: rofl yes
(51:58 / All) DON_WEST: awesome stuff
(52:01 / All) Day[9]: ya
(52:03 / All) DEE_JAYPAULYDEE: time to end that warden
(52:37 / All) DON_WEST: YOU GOIN TO PEON PRISON
(52:57 / All) DON_WEST: yeah, leave whenever you guys get done fighting
(53:58 / All) Day[9]: damn
(54:00 / All) Day[9]: I can't kill that
(54:03 / All) DON_WEST: rofl
(54:05 / All) DON_WEST: BM/SH
(54:06 / All) DON_WEST: Jesus.
(54:25 / All) Day[9]: imba
(55:01 / All) DON_WEST: yo my jail is almost full
(55:45 / All) DON_WEST: okay
(55:46 / All) DEE_JAYPAULYDEE: curses
(55:46 / All) DON_WEST: give him the win
(55:47 / All) DEE_JAYPAULYDEE: GG
(55:48 / All) DON_WEST: lol
(55:50 / All) Day[9]: gg
(55:52 / All) DON_WEST: ggs
(56:12 / All) Day[9]: this was a good one
(56:15 / All) DON_WEST: agreed
(56:17 / All) MORG4N: agreed
(56:23 / All) DON_WEST: fun stuff
(56:43 / All) DON_WEST: you quitting or no?
(56:45 / All) DON_WEST: :\
(56:54 / All) Day[9]: YOU'RE GRAVELY MISTAKEN, JABBA
(57:01 / All) DON_WEST: uh huh
(57:23 / All) DON_WEST: okay seriously
(57:33 / All) Day[9]: you really wannaa give teal the win?
(57:36 / All) DON_WEST: yes
(57:37 / All) DON_WEST: i do
(57:37 / All) DON_WEST: lol
(57:40 / All) MORG4N: ty
(57:40 / All) Day[9]: but i killed the blademasterq1
(57:52 / All) DON_WEST: i didnt say anything because you guys were screwing around still
(57:56 / All) DON_WEST: give him the win
(57:58 / All) DON_WEST: i stabvbed purple
(58:00 / All) DON_WEST: and promised him it
(58:02 / All) DON_WEST: it's my rep bro
(58:03 / All) DON_WEST: lol
(58:11 / All) Day[9]: does he have any way of beating me?
(58:19 / All) DON_WEST: i could get my shit going again
(58:30 / All) Day[9]: you could
(58:40 / All) DON_WEST: he has nothing
(58:51 / All) MORG4N: you just killed a mort i didn't even know I had.
(58:55 / All) DON_WEST: lol
(59:20 / All) MORG4N: well im out
(59:21 / All) MORG4N: gg
(59:23 / All) DON_WEST: wtf
(59:25 / All) DON_WEST: pies
(59:31 / All) Day[9]: fine
(59:34 / All) DON_WEST: -.-
(59:37 / All) Day[9]: gg
(59:40 / All) DON_WEST: gg.